 Dungeon Sprint DCSS version 0.27.0-66-gdc8fb28755 (webtiles) character file.

Game seed: 5602767860050933795

3831 ABBCCCDDDD the Fighter (level 9, -1/141 HPs)
             Began as a Minotaur Berserker on Aug 19, 2021.
             Was the Champion of Trog.
             Slain by a killer bee (7 damage)
             ... in the Dungeon (Sprint III: "The Ten Rune Challenge").
             The game lasted 00:02:00 (742 turns).

ABBCCCDDDD the Fighter (Minotaur Berserker)          Turns: 742, Time: 00:02:00

Health: -1/141     AC:  3    Str: 24    XL:     9   Next: 97%
Magic:  8/8        EV: 17    Int:  4    God:    Trog [******]
Gold:   16         SH:  0    Dex: 13    Spells: 8/8 levels left

rFire    . . .     SeeInvis .   a - +0 hand axe
rCold    . . .     Faith    .   (no shield)
rNeg     . . .     Spirit   .   b - +0 animal skin
rPois    .         Reflect  .   (helmet restricted)
rElec    .         Harm     .   (no cloak)
rCorr    .         Rampage  .   (no gloves)
Will     +++..     NoTele   +   (no boots)
Stlth    ..........             (no amulet)
HPRegen  1.33/turn              (no ring)
MPRegen  0.11/turn              (no ring)

@: berserking, lethally poisoned (-1 -> -2), strong-willed, regenerating, very
quick
A: horns 2, retaliatory headbutt, hooves 1, agile 1, strong-willed 1
a: Renounce Religion, Berserk, Trog's Hand, Brothers in Arms


You were in the Dungeon.
You worshipped Trog.
Trog was exalted by your worship.
You visited 1 branch You collected 16 gold pieces.

Inventory:

Hand Weapons
 a - a +0 hand axe (weapon)
Armour
 b - a +0 animal skin (worn)
Wands
 o - a wand of iceblast (7)
 p - a wand of flame (19)
Scrolls
 h - a scroll of blinking
 i - 3 scrolls of identify {unknown}
 j - 2 scrolls of torment {unknown}
Potions
 c - a potion of curing
 d - a potion of heal wounds
 e - a potion of haste
 f - 2 potions of magic
 g - a potion of berserk rage
 k - 2 potions of flight {unknown}
 l - 2 potions of mutation
 m - a potion of lignification {unknown}
 n - a potion of might


   Skills:
 + Level 13.9 Fighting
 + Level 13.9 Axes
 + Level 13.7 Armour
 + Level 12.7 Dodging


You had 8 spell levels left.
You didn't know any spells.
Your spell library was empty.

Dungeon Overview and Level Annotations

Branches:
Dungeon (1/1)

Altars:
Dithmenos
Okawaru
Ru
Trog
Uskayaw
Wu Jian
Yredelemnul
Beogh


Innate Abilities, Weirdness & Mutations

You have a pair of horns on your head.
You reflexively headbutt those who attack you in melee.
You have large cloven feet.
You are agile. (Dex +2)
You are strong-willed. (Will+)


Message History

You feel sick.
You barely miss the killer bee. Your kick misses the killer bee.
You miss the killer bee. The killer bee misses you. You furiously retaliate!
You headbutt the killer bee! You closely miss the killer bee.
Your kick misses the killer bee. You slash the killer bee!
You kill the killer bee!
Trog accepts your kill. Trog grants you a weapon!
Something appears at your feet!
You see here a +3 vorpal quarterstaff.
You feel sick. The killer bee completely misses you. You furiously retaliate!
You headbutt the killer bee. You hit the killer bee.
Your kick misses the killer bee.
The killer bee is lightly wounded.
You hit the killer bee.
You feel sick. The killer bee misses you. The killer bee closely misses you.
You furiously retaliate!
You headbutt the killer bee!!
You kill the killer bee!
Trog accepts your kill.
You slice the killer bee!!
You kill the killer bee!
Trog accepts your kill.
You slash the killer bee! The killer bee misses you. You furiously retaliate!
You headbutt the killer bee!
You kill the killer bee!
Trog accepts your kill.
You closely miss the killer bee. You headbutt the killer bee.
The killer bee is moderately wounded.
You miss the killer bee.
You feel sick. The killer bee misses you.
You slice the killer bee!!
You kill the killer bee!
Trog accepts your kill.
You miss the killer bee.
You feel sick.
The killer bee stings you but does no damage.
The killer bee closely misses you.
You slash the killer bee! Your kick misses the killer bee.
The killer bee is severely wounded.
You hit the killer bee. The killer bee completely misses you.
The killer bee stings you!
You die...

#######################
.#.#.....#^....^@yy.≈≈#
#.##.###.#..^.^.#yy.≈≈#
#.##)#.)##^.....#y..≈≈≈≈
.#..##.)'....^..#...≈≈≈≈
▓▓▓▓▓▓▓▓#^....^^#.......
#.....^.#.......
+.......#.......
#.......########
##+######


You could see 5 killer bees.

Levels and vault maps discovered:
D:        dungeon_sprint_mu [sprint_mu_entry_forest, sprint_mu_temple_rooms,
          sprint_mu_d1_spiders, sprint_mu_d2_genie, sprint_mu_d3_branching,
          sprint_mu_orc_legion, sprint_mu_elf_gauntlet, sprint_mu_hive_nellie,
          sprint_mu_lair_fedhas, sprint_mu_vaults_butterflies,
          sprint_mu_slime_circle, sprint_mu_swamp_cave, sprint_mu_snake_twists,
          sprint_mu_blade_basic, sprint_mu_crypt_chambers,
          sprint_mu_tomb_spiral, sprint_mu_vestibule_basic,
          sprint_mu_gehenna_hellfire, sprint_mu_dis_giant,
          sprint_mu_tartarus_statrot, sprint_mu_cocytus_islands, sprint_mu_zot1]

Notes
Turn   | Place    | Note
-------+----------+-------------------------------------------
     0 | D        | ABBCCCDDDD the Minotaur Berserker began the quest for the
                  | Orb.
     0 | D        | Reached XP level 1. HP: 19/19 MP: 0/0
     9 | D        | Noticed Jessica
    11 | D        | Killed Jessica
    11 | D        | Reached ** piety under Trog
    12 | D        | Reached skill level 5 in Fighting
    12 | D        | Reached skill level 5 in Axes
    12 | D        | Reached XP level 2. HP: 29/29 MP: 1/1
    12 | D        | Reached XP level 3. HP: 36/36 MP: 2/2
   129 | D        | Reached *** piety under Trog
   181 | D        | Gained mutation: You are agile. (Dex +2) [potion of
                  | mutation]
   182 | D        | Gained mutation: You have large cloven feet. [potion of
                  | mutation]
   182 | D        | Gained mutation: You are strong-willed. (Will+) [potion of
                  | mutation]
   196 | D        | Noticed a water elemental
   199 | D        | Killed a water elemental
   200 | D        | Reached skill level 5 in Armour
   200 | D        | Reached skill level 5 in Dodging
   200 | D        | Reached XP level 4. HP: 45/45 MP: 3/3
   252 | D        | Found a hide-covered altar of Uskayaw.
   252 | D        | Found an iron altar of Okawaru.
   253 | D        | Found a bloodstained altar of Trog.
   253 | D        | Found an ornate altar of the Wu Jian Council.
   253 | D        | Noticed a human
   253 | D        | Noticed a human
   258 | D        | Killed a human
   259 | D        | Reached XP level 5. HP: 53/53 MP: 4/4
   260 | D        | Killed a human
   261 | D        | Reached XP level 6. HP: 63/63 MP: 5/5
   353 | D        | Found a basalt altar of Yredelemnul.
   353 | D        | Found a shadowy altar of Dithmenos.
   353 | D        | Found a sacrificial altar of Ru.
   360 | D        | Reached **** piety under Trog
   401 | D        | Noticed a shadow
   405 | D        | Killed a shadow
   406 | D        | Reached skill level 10 in Fighting
   406 | D        | Reached skill level 10 in Axes
   406 | D        | Reached XP level 7. HP: 72/72 MP: 6/6
   458 | D        | Reached ***** piety under Trog
   459 | D        | Reached skill level 10 in Armour
   516 | D        | Noticed a two-headed ogre
   521 | D        | Killed a two-headed ogre
   522 | D        | Reached skill level 10 in Dodging
   522 | D        | Reached XP level 8. HP: 82/82 MP: 7/7
   580 | D        | Noticed a two-headed ogre
   580 | D        | Noticed Erolcha
   587 | D        | Killed Erolcha
   592 | D        | Killed a two-headed ogre
   593 | D        | Reached XP level 9. HP: 91/91 MP: 8/8
   696 | D        | Reached ****** piety under Trog
   698 | D        | Noticed a queen bee
   703 | D        | Received a gift from Trog
   721 | D        | Identified the +8 broad axe "Lafich" {flame, *Corrode rPois
                  | rF++ Dex+2} (Trog gifted it to you in the Dungeon)
   721 | D        | Received a gift from Trog
   730 | D        | Killed a queen bee
   734 | D        | HP: 6/141 [killer bee (2)]
   737 | D        | Received a gift from Trog
   740 | D        | HP: 5/141 [poisoned by a killer bee]
   742 | D        | Slain by a killer bee

Table legend: (Time is in decaauts)
 A = Elapsed time spent in this place.
 B = Non-inter-level travel time spent in this place.
 C = Inter-level travel time spent in this place.
 D = Time resting spent in this place.
 E = Time spent auto-exploring this place.
 F = Levels seen in this place.
 G = Mean time per level.
                   A        B        C        D        E       F      G
               +--------+--------+--------+--------+--------+-----+--------+
         Total |    809 |    809 |      0 |    597 |     18 |   1 |  809.0 |
       Dungeon |    809 |    809 |      0 |    597 |     18 |   1 |  809.0 |
               +--------+--------+--------+--------+--------+-----+--------+

Top non-repeatable levels by time:
       D: 809 daAuts

Table legend:
 A = Kills in this place as a percentage of kills in entire the game.
 B = Kills by you in this place as a percentage of kills by you in the entire game.
 C = Kills by friends in this place as a percentage of kills by friends in the entire game.
 D = Other kills in this place as a percentage of other kills in the entire game.
 E = Experience gained in this place as a percentage of experience gained in the entire game.
 F = Experience gained in this place divided by the number of levels of this place that you have seen.
                   A       B       C       D       E      F
               +-------+-------+-------+-------+-------+----------------------
         Total | 100.0 | 100.0 |   N/A |   N/A | 100.0 | 5473.0
       Dungeon | 100.0 | 100.0 |   N/A |   N/A | 100.0 | 5473.0
               +-------+-------+-------+-------+-------+----------------------

Action                   |  1- 3 |  4- 6 |  7- 9 || total
-------------------------+-------+-------+-------++-------
Melee: Hand axe          |    12 |    14 |    72 ||    98
       Headbutt          |     4 |     4 |    16 ||    24
       Kick              |     1 |     5 |    20 ||    26
Invok: Berserk           |     3 |     3 |     5 ||    11
       Trog's Hand       |       |       |     2 ||     2
  Use: Potion            |     2 |       |       ||     2
 Stab: Distracted        |       |       |     1 ||     1
Armor: Animal skin       |     1 |       |     5 ||     6
Dodge: Dodged            |     6 |     2 |    59 ||    67

Vanquished Creatures
  Erolcha (D)
  A queen bee (D)
  2 redbacks (D)
  A shadow (D)
  A necrophage (D)
  5 two-headed ogres (D)
  A water elemental (D)
  27 killer bees (D)
  A jelly (D)
  Jessica (D)
  A necromancer (D)
  3 humans (D)
  A phantom (D)
  2 endoplasms (D)
  A rat (D)
49 creatures vanquished.

Vanquished Creatures (others)
  4 plants (D)
4 creatures vanquished.

Grand Total: 53 creatures vanquished
